 Dungeon Crawl Stone Soup version 0.29.0-13-gc9e81de378 (webtiles) character file.

Game seed: 7034007551864751250

910 Bartlander the Skirmisher (level 8, -18/57 HPs)
             Began as a Barachi Hunter on Sept 8, 2022.
             Demolished by an ogre
             ... wielding a +0 giant club
              (20 damage)
             ... on level 5 of the Dungeon.
             The game lasted 00:20:47 (4779 turns).

Bartlander the Skirmisher (Barachi Hunter)          Turns: 4779, Time: 00:20:48

Health: -18/57     AC:  7    Str: 12    XL:     8   Next: 8%
Magic:  8/8        EV: 12    Int: 15    God:
Gold:   217        SH:  0    Dex: 19    Spells: 7/7 levels left

rFire   . . .      SeeInvis .   a - +0 shortbow
rCold   . . .      Faith    +   (shield currently unavailable)
rNeg    . . .      Spirit   .   c - +0 leather armour
rPois   .          Reflect  .   k - +2 hat
rElec   .          Harm     .   (no cloak)
rCorr   .          Rampage  .   (no gloves)
Will    .....                   g - +1 pair of boots
Stlth   ++........              m - amulet of faith
HPRegen 0.19/turn               f - +6 ring of intelligence
MPRegen 0.11/turn               (no ring)

@: unable to hop, slow
A: amphibious, slowness 1, strong legs 1, +LOS
a: Hop


You were on level 5 of the Dungeon.
You visited 1 branch of the dungeon, and saw 5 of its levels.

You collected 217 gold pieces.

Inventory:

Hand Weapons
 a - a +0 shortbow (weapon)
Missiles
 n - 2 throwing nets
Armour
 c - a +0 leather armour (worn)
 g - a +1 pair of boots (worn)
 k - a +2 hat (worn)
Jewellery
 f - a +6 ring of intelligence (left hand)
 m - an amulet of faith (around neck)
Wands
 r - a wand of charming (8)
Scrolls
 d - 4 scrolls of identify
 h - a scroll of noise
 j - 4 scrolls of magic mapping
 o - a scroll of amnesia
 q - 2 scrolls of silence {unknown}
 u - a scroll of blinking
Potions
 l - a potion of curing
 p - a potion of flight
 s - 2 potions of ambrosia


   Skills:
 - Level 2.4 Fighting
 + Level 9.9 Ranged Weapons
 - Level 2.1 Dodging
 - Level 0.8 Stealth


You had 7 spell levels left.
You didn't know any spells.
Your spell library contained the following spells:

 Spells                   Type           Power      Damage    Failure   Level
 Sandblast                Erth           0%         2d4       34%         1
 Blink                    Tloc           0%         N/A       45%         2
 Passwall                 Tmut/Erth      0%         N/A       45%         2
 Gell's Gravitas          Tloc           0%         N/A       71%         3
 Lesser Beckoning         Tloc           0%         N/A       71%         3
 Stone Arrow              Conj/Erth      0%         3d7       71%         3
 Teleport Other           Tloc           0%         N/A       71%         3
 Manifold Assault         Tloc           0%         N/A       100%        5


Dungeon Overview and Level Annotations

Branches:
Dungeon (5/15)
 Temple: D:4-7

Altars:

Shops:
D:2 *


Innate Abilities, Weirdness & Mutations

You are amphibious.
You cover ground slowly.
You can hop short distances.
You have an extended range of vision and can be seen from far away.


Message History

The ogre hits you with a +0 giant club!!
Fire: a) +0 shortbow
Press: ? - help, Q - select action, (/) - cycle Shift-Dir - straight line, f/p - ogre
Aim: an ogre, wielding a +0 giant club (moderately wounded, 79% to hit)
You shoot an arrow. The arrow hits the ogre.
The ogre is moderately wounded.
Fire: a) +0 shortbow
Press: ? - help, Q - select action, (/) - cycle Shift-Dir - straight line, f/p - ogre
Aim: an ogre, wielding a +0 giant club (moderately wounded, 79% to hit)
You shoot an arrow. The arrow hits the ogre.
The ogre is moderately wounded.
The ogre hits you with a +0 giant club!!
* * * LOW HITPOINT WARNING * * *
Hop to where?
Press: ? - help, Dir - move target, p - ogre Boing!
Fire: a) +0 shortbow
Press: ? - help, Q - select action, (/) - cycle Shift-Dir - straight line, f - ogre
Aim: an ogre, wielding a +0 giant club (moderately wounded, 79% to hit)
You shoot an arrow.
The arrow hits the ogre but does no damage.
The ogre is moderately wounded.
Fire: a) +0 shortbow
Press: ? - help, Q - select action, (/) - cycle Shift-Dir - straight line, f/p - ogre
Aim: an ogre, wielding a +0 giant club (moderately wounded, 79% to hit)
You shoot an arrow. The arrow hits the ogre.
The ogre is heavily wounded.
The ogre closely misses you.
Fire: a) +0 shortbow
Press: ? - help, Q - select action, (/) - cycle Shift-Dir - straight line, f/p - ogre
Aim: an ogre, wielding a +0 giant club (heavily wounded, 79% to hit)
You shoot an arrow. The arrow hits the ogre.
The ogre is severely wounded.
Fire: a) +0 shortbow
Press: ? - help, Q - select action, (/) - cycle Shift-Dir - straight line, f/p - ogre
Aim: an ogre, wielding a +0 giant club (severely wounded, 79% to hit)
You shoot an arrow. The arrow hits the ogre.
The ogre is severely wounded.
The ogre hits you with a +0 giant club!!
You die...

#..# ##.#
#.##
###..####
#....<..#
.###....)..#
#...........#
#####.....O.#
#......@#
#.......#
#########


You could see an ogre.

Vanquished Creatures
  Eustachio (D:4)
  A black bear (D:4)
  An ogre (D:3)
  A phantom (D:3)
  A wight (D:3)
  A howler monkey (D:4)
  A jelly (D:4)
  A gnoll bouda (D:4)
  2 hounds (D:4)
  An orc priest (D:3)
  An orc wizard (D:4)
  5 adders
  11 gnolls
  2 worms (D:3)
  3 dart slugs
  14 orcs
  6 ball pythons
  3 bats
  11 endoplasms
  A giant cockroach (D:3)
  7 goblins
  7 hobgoblins
  4 jackals
  8 kobolds
  6 quokkas
  2 frilled lizards (D:3)
  4 rats (D:3)
106 creatures vanquished.

Notes
Turn   | Place    | Note
-------+----------+-------------------------------------------
     0 | D:1      | Bartlander the Barachi Hunter began the quest for the Orb.
     0 | D:1      | Reached XP level 1. HP: 17/17 MP: 1/1
   142 | D:1      | Found a faded altar of an unknown god.
   168 | D:1      | Reached XP level 2. HP: 23/23 MP: 2/2
   615 | D:2      | Reached XP level 3. HP: 28/28 MP: 3/3
   650 | D:2      | Reached skill level 5 in Ranged Weapons
   668 | D:2      | Reached XP level 4. HP: 34/34 MP: 4/4
  1324 | D:2      | Reached skill level 6 in Ranged Weapons
  1427 | D:2      | Found Gooreaf's General Store.
  1636 | D:3      | Noticed an ogre
  1730 | D:3      | Reached XP level 5. HP: 39/39 MP: 5/5
  1828 | D:3      | Killed an ogre
  1829 | D:3      | Reached skill level 7 in Ranged Weapons
  2091 | D:3      | Reached XP level 6. HP: 46/46 MP: 6/6
  2929 | D:4      | Found Jimitsy's Armour Shop.
  3071 | D:3      | Reached skill level 8 in Ranged Weapons
  3071 | D:3      | Reached XP level 7. HP: 47/51 MP: 7/7
  3163 | D:4      | Noticed Eustachio
  3404 | D:4      | Reached skill level 9 in Ranged Weapons
  4148 | D:5      | Entered Level 5 of the Dungeon
  4655 | D:4      | Killed Eustachio
  4656 | D:4      | Reached XP level 8. HP: 37/57 MP: 8/8
  4774 | D:5      | HP: 1/57 [ogre/+0 giant club (20)]
  4779 | D:5      | Demolished by an ogre

Illustrated notes

Levels and vault maps discovered:
D:1:      dpeg_arrival_arbitrary_c, layout_loops_cross,
          hellmonk_ecumenical_altar_leap_of_faith
D:2:      layout_basic, serial_shops, shop
D:3:      minmay_chambers_of_threes, layout_basic
D:4:      layout_rooms, serial_shops, shop, chequers_garden, minivault_25,
          minmay_bent, uniq_eustachio
D:5:      layout_rooms, serial_glass, glass_columns_a, glass_columns_a,
          uniq_sigmund

Skill      XL: |  1  2  3  4  5  6  7 |
---------------+----------------------+-----
Ranged Weapons | 5 6 7 8 9 |  9.9
Fighting       | |  2.4
Dodging        | |  2.1
Stealth        | |  0.8

Action                   |  1- 3 |  4- 6 |  7- 9 || total
-------------------------+-------+-------+-------++-------
 Fire: Shortbow          |    47 |   208 |   160 ||   415
 Abil: Hop               |       |     8 |     8 ||    16
  Use: Scroll            |     3 |     6 |     5 ||    14
       Potion            |       |     1 |     3 ||     4
Armor: Leather armour    |     2 |    19 |    29 ||    50
Dodge: Dodged            |     6 |    77 |    83 ||   166
